 Dungeon Crawl Stone Soup version 0.27-a0-1123-g2f9bb313c0 (webtiles) character file.

Game seed: 7058064964483747589

118 freelancePsychic the Ruffian (level 4, -29/41 HPs)
             Began as a Troll Hunter on May 3, 2021.
             Killed by an exploding water moccasin (35 damage)
             ... ignited by their inner flame
             ... on level 2 of the Dungeon.
             The game lasted 00:03:28 (1356 turns).

freelancePsychic the Ruffian (Troll Hunter)         Turns: 1356, Time: 00:03:29

Health: -29/41     AC:  4    Str: 21    XL:     4   Next: 72%
Magic:  3/3        EV:  9    Int:  7    God:
Gold:   90         SH:  0    Dex: 10    Spells: 3/3 levels left

rFire    . . .     SeeInvis .     - Unarmed
rCold    . . .     Faith    .   (no shield)
rNeg     . . .     Spirit   .   b - +0 robe
rPois    .         Reflect  .   (helmet restricted)
rElec    .         Harm     .   (no cloak)
rCorr    .         Rampage  .   (gloves unavailable)
Will     .....                  (boots unavailable)
Stlth    +.........             (no amulet)
HPRegen  1.13/turn              g - +4 ring of slaying
MPRegen  0.08/turn              (no ring)

@: lethally poisoned (-29 -> -31)
A: large, unfitting armour, claws 3, regeneration 1, shaggy fur 1, tough skin 1
a: no special abilities


You were on level 2 of the Dungeon.
You visited 1 branch of the dungeon, and saw 3 of its levels.

You collected 90 gold pieces.

Inventory:

Missiles
 c - 5 large rocks (quivered)
 d - 2 throwing nets
Armour
 b - a +0 robe (worn)
Jewellery
 g - a +4 ring of slaying (left claw)
Potions
 i - a potion of resistance {unknown}


   Skills:
 - Level 1.5 Fighting
 - Level 3.6 Throwing
 - Level 1.5 Dodging
 - Level 0.3 Stealth
 + Level 4.4 Unarmed Combat


You had 3 spell levels left.
You didn't know any spells.
Your spell library contained the following spells:

 Spells                   Type           Power      Damage    Failure   Level
 Animate Skeleton         Necr           0%         N/A       43%         1
 Magic Dart               Conj           0%         1d3       43%         1
 Pain                     Necr           0%         1d4       43%         1
 Searing Ray              Conj           0%         3d3       56%         2
 Dazzling Flash           Conj/Hex       0%         N/A       80%         3
 Vampiric Draining        Necr           0%         2d6       80%         3
 Animate Dead             Necr           0%         N/A       99%         4
 Fulminant Prism          Conj/Hex       0%         3d6       99%         4
 Iskenderun's Mystic Bla  Conj/Tloc      0%         2d3       99%         4
 Agony                    Necr           0%         N/A       100%        5


Dungeon Overview and Level Annotations

Branches:
Dungeon (3/15)

Altars:

Shops:
D:1 !   D:2 !

Annotations:
D:3 Jessica


Innate Abilities, Weirdness & Mutations

You are too large for most types of armour.
You have claws for hands.
Your natural rate of healing is unusually fast.
You are covered in fur. (AC +1)
You have tough skin. (AC +1)


Message History

You miss the water moccasin.
The water moccasin is heavily wounded.
The water moccasin bites you.
You are poisoned.
The water moccasin poisons you!
You barely miss the water moccasin.
The water moccasin is heavily wounded.
You feel sick. The water moccasin bites you.
The water moccasin barely misses you.
You barely miss the water moccasin.
The water moccasin is heavily wounded.
You feel sick. The water moccasin closely misses you. The adder bites you.
You scratch the water moccasin.
The water moccasin is heavily wounded.
You feel sick.
The water moccasin bites you but does no damage.
The adder bites you but does no damage.
You closely miss the water moccasin.
The water moccasin is heavily wounded.
You feel sick. The water moccasin barely misses you. The adder bites you.
The water moccasin barely misses you.
As you read the scroll labelled VESOUHOJYMO, it crumbles to dust.
The creatures around you are filled with an inner flame!
It was a scroll of immolation.
You feel sick. The adder bites you but does no damage.
The water moccasin bites you!
* * * LOW HITPOINT WARNING * * *
You miss the water moccasin.
The water moccasin is heavily wounded.
You feel sick. The adder barely misses you. The water moccasin bites you.
* * * LOW HITPOINT WARNING * * *
You are more poisoned.
The water moccasin poisons you! The adder closely misses you.
You claw the water moccasin!
Flame seeps out of the water moccasin.
The water moccasin is severely wounded.
You feel very sick.
The water moccasin is engulfed in blazing flames.
The water moccasin explodes!
The fiery explosion engulfs you!!
Ouch! That really hurt!
You die...

.......### #.....##.....##.#
#...##.# #####.#.......#.##
...###.# #.#.8...8.#...
######.### #.#.......#.##
.........#### #)#.......#.#
............### #)#.......#.#
.......#......# #.#.8...8.#.#
###.#.##..###.######.#.......#.#
# #.......#
#..S@○...)[........## #
#.#.##..###.##########...##.###
###.#.##......# #.......[.
.......<....### ######.###
....#.##.##.## #......###
.............# #........#
##..#.#####..# #####.....
##.....## #..# #.##.#
##..#.#.###..# ###.##.#


You could see an adder (inner flame).

Vanquished Creatures
  A water moccasin (D:2)
  An orc priest (D:2)
  An orc wizard (D:2)
  2 adders (D:2)
  A worm (D:2)
  5 orcs
  3 bats
  A giant cockroach (D:2)
  A goblin (D:1)
  2 hobgoblins (D:2)
  8 jackals (D:1)
  3 kobolds
  3 quokkas
  3 ball pythons
  3 rats
38 creatures vanquished.

Notes
Turn   | Place    | Note
-------+----------+-------------------------------------------
     0 | D:1      | freelancePsychic the Troll Hunter began the quest for the
                  | Orb.
     0 | D:1      | Reached XP level 1. HP: 19/19 MP: 0/0
    13 | D:1      | Found Ryovvisk's Distillery.
    98 | D:1      | Reached skill level 1 in Unarmed Combat
   305 | D:1      | Reached XP level 2. HP: 27/27 MP: 1/1
   472 | D:1      | Reached skill level 2 in Unarmed Combat
   549 | D:1      | Found a faded altar of an unknown god.
   749 | D:2      | Reached XP level 3. HP: 32/33 MP: 2/2
   782 | D:2      | Found Halo's Distillery.
   791 | D:2      | Reached skill level 3 in Unarmed Combat
  1016 | D:2      | Reached XP level 4. HP: 30/41 MP: 3/3
  1023 | D:2      | Reached skill level 4 in Unarmed Combat
  1315 | D:3      | Noticed a water moccasin
  1316 | D:3      | Noticed Jessica
  1356 | D:2      | Killed a water moccasin
  1356 | D:2      | Killed by an exploding water moccasin... ignited by their
                  | inner flame

Illustrated notes

Levels and vault maps discovered:
D:1:      nzn_arrival_water_spiral, layout_basic,
          shapermc_ecumenical_altar_venn, serial_shops, shop,
          chequers_mini_garden
D:2:      cheibrodos_pilgrimage, layout_loops_ring, serial_shops,
          nicolae_shop_trees
D:3:      layout_loops_cross, grunt_dithmenos_smoke_and_mirrors,
          serial_park_tiny_2, uniq_jessica

Skill      XL: |  1  2  3  4 |
---------------+-------------+-----
Unarmed Combat | 1 2 3 4 |  4.4
Fighting       | |  1.5
Throwing       | |  3.6
Dodging        | |  1.5
Stealth        | |  0.3

Action                   |  1- 3 |  4- 6 || total
-------------------------+-------+-------++-------
Melee: Unarmed           |    88 |    32 ||   120
       Punch             |     2 |       ||     2
  Use: Scroll            |       |     3 ||     3
       Potion            |       |     1 ||     1
Armor: Robe              |    31 |    10 ||    41
Dodge: Dodged            |    54 |    17 ||    71

Table legend: (Time is in decaauts)
 A = Elapsed time spent in this place.
 B = Non-inter-level travel time spent in this place.
 C = Inter-level travel time spent in this place.
 D = Time resting spent in this place.
 E = Time spent auto-exploring this place.
 F = Levels seen in this place.
 G = Mean time per level.
                   A        B        C        D        E       F      G
               +--------+--------+--------+--------+--------+-----+--------+
         Total |   1350 |   1317 |     33 |      0 |   1044 |   3 |  450.0 |
       Dungeon |   1350 |   1317 |     33 |      0 |   1044 |   3 |  450.0 |
               +--------+--------+--------+--------+--------+-----+--------+

Top non-repeatable levels by time:
     D:1: 737 daAuts
     D:2: 581 daAuts
     D:3: 31 daAuts
